 Dungeon Crawl Stone Soup version 0.19.1 (webtiles) character file.

2387 MuHoZhuK the Cleaver (level 9, 0/63 HPs)
             Began as a Minotaur Fighter on Dec 9, 2016.
             Was a Priest of Hepliaklqana.
             Succumbed to a killer bee's poison
             ... on level 7 of the Dungeon.
             The game lasted 00:51:13 (6837 turns).

MuHoZhuK the Cleaver (Minotaur Fighter)             Turns: 6837, Time: 00:51:14

Health: 0/63       AC: 14    Str: 23    XL:     9   Next: 22%
Magic:  8/8        EV:  4    Int:  5    God:    Hepliaklqana [***...]
Gold:   329        SH: 16    Dex: 11    Spells: 0 memorised, 8 levels left

rFire  + . .     SeeInvis .     a - +0 war axe
rCold  . . .     Gourm    .     i - +0 plate armour
rNeg   . . .     Faith    .     x - +0 large shield
rPois  .         Spirit   .     (helmet restricted)
rElec  .         Reflect  .     (no cloak)
rCorr  .         Harm     .     D - +0 pair of gloves
MR     .....                    (no boots)
Stlth  ..........               w - amulet of magic regeneration
                                u - ring of fire
                                j - ring of protection from cold

@: lethally poisoned (0 -> -4)
A: retaliatory headbutt, reduced essence, horns 2
a: Ancestor Life: Knight, Ancestor Life: Battlemage, Ancestor Life: Hexer,
Recall Ancestor, Ancestor Identity, Transference, Renounce Religion


You were on level 7 of the Dungeon.
You worshipped Hepliaklqana.
Hepliaklqana was most pleased with you.
You were not hungry.

You visited 2 branches of the dungeon, and saw 8 of its levels.

You collected 329 gold pieces.

Inventory:

Hand Weapons
 a - a +0 war axe (weapon)
 g - a +0 hunting sling
Armour
 b - a +0 scale mail
 c - a +0 shield
 i - a +0 plate armour (worn)
 l - a +0 pair of boots
 q - a +1 robe of magic resistance
 v - a +0 plate armour
 x - a +0 large shield (worn)
 D - a +0 pair of gloves (worn)
Magical Staves
 k - an uncursed staff of air {unknown}
Jewellery
 j - a ring of protection from cold (left hand)
 o - an uncursed ring of protection from cold
 u - a ring of fire (right hand)
 w - an amulet of magic regeneration (around neck)
 E - an uncursed ring of ice
Wands
 s - a wand of polymorph (17/24)
 t - a wand of iceblast (8/15)
 y - a wand of acid (2/15)
Scrolls
 f - 4 scrolls of teleportation
 n - 2 scrolls of magic mapping
 z - 2 scrolls of remove curse
 B - a scroll of vulnerability {unknown}
 F - 2 scrolls of identify
Potions
 d - a potion of might
 e - 2 potions of flight {unknown}
 h - a potion of brilliance
 m - a potion of mutation {unknown}
 r - 2 potions of berserk rage
 A - 2 potions of cure mutation {unknown}
Comestibles
 p - 3 bread rations
 C - a meat ration


   Skills:
 - Level 3.6 Fighting
 * Level 11.5 Axes
 + Level 7.3 Armour
 + Level 1.2 Dodging
 + Level 1.0 Stealth
 + Level 7.3 Shields
 + Level 0.7 Unarmed Combat
 + Level 0.3 Evocations


You had 8 spell levels left.
You didn't know any spells.

Dungeon Overview and Level Annotations

Branches:
Dungeon (7/15)             Temple (1/1) D:5

Altars:
Ashenzari
Cheibriados
Dithmenos
Elyvilon
Fedhas
Gozag
Hepliaklqana
Makhleb
Nemelex Xobeh
Okawaru
Qazlal
Ru
Trog
Xom
Zin

Shops:
D:4 (   D:5 [


Innate Abilities, Weirdness & Mutations

You reflexively headbutt those who attack you in melee.
You have a pair of horns on your head.
Your life essence is reduced. (-10% HP)


Message History

You feel sick.
* * * LOW HITPOINT WARNING * * *
You feel sick.
* * * LOW HITPOINT WARNING * * *
You feel sick.
* * * LOW HITPOINT WARNING * * *
You feel sick.
* * * LOW HITPOINT WARNING * * *
You feel sick.
* * * LOW HITPOINT WARNING * * *
You feel sick.
* * * LOW HITPOINT WARNING * * *
You feel sick.
* * * LOW HITPOINT WARNING * * *
You feel sick.
* * * LOW HITPOINT WARNING * * *
You feel sick.
* * * LOW HITPOINT WARNING * * *
You feel sick.
You die...

##............#...<.'.....###
.+............#.(..##....##
.#........)...#....##....##
.#............#...........#
.#............#...........#
.########.....#...........#
........#.....#....##.....#
........'.....#....##(....##
........#.....#.@†.........#
.###'####.....#.R..##...<..#
##............#....#########
#............#.....#
#.......######.....#
+.......# ......# #.......#
#....## ######### ######


You could see the friendly Publius the ancestor.

Vanquished Creatures
  A hippogriff (D:7)
  Eustachio (D:6)
  An ice beast (D:5)
  A phantom (D:5)
  2 ogres (D:5)
  A centaur (D:5)
  A bullfrog (D:7)
  2 scorpions
  A killer bee (D:7)
  3 wights (D:6)
  2 crimson imps
  A jelly (D:7)
  4 orc priests
  A centaur skeleton (D:7)
  A hound (D:5)
  4 orc wizards
  An iguana (D:7)
  A bullfrog skeleton (D:6)
  4 worker ants
  A killer bee zombie (D:7)
  A hound skeleton (D:6)
  8 adders
  An ooze (D:3)
  4 adder skeletons
  4 worms
  3 dart slugs
  4 leopard geckos
  23 orcs
  5 giant cockroaches
  6 goblins
  4 hobgoblins
  9 jackals
  4 quokkas
  4 bats
  4 frilled lizards
  3 kobolds
  A quokka skeleton (D:6)
  2 rats (D:2)
124 creatures vanquished.

Vanquished Creatures (collateral kills)
  An ice beast (D:5)
  An orc warrior (D:7)
  An ogre (D:4)
  Blork the orc (D:5)
  2 killer bees (D:7)
  A crimson imp (D:5)
  An orc priest (D:4)
  A worker ant (D:4)
  2 adders
  A leopard gecko (D:5)
  6 orcs
  A giant cockroach (D:4)
  2 goblins (D:3)
  A quokka (D:4)
  A bat (D:3)
  A frilled lizard (D:4)
  A kobold (D:3)
25 creatures vanquished.

Vanquished Creatures (others)
  2 minotaurs (D:1)
  A draconian (D:1)
  An octopode (D:1)
  A vine stalker (D:1)
  An elf (D:1)
  3 formicids (D:1)
  A human (D:1)
  2 ancestors (D:5)
  An orc (D:1)
  A kobold (D:1)
  5 tentacles (D:1)
19 creatures vanquished.

Grand Total: 168 creatures vanquished

Notes
Turn   | Place    | Note
-------+----------+-------------------------------------------
     0 | D:1      | MuHoZhuK the Minotaur Fighter began the quest for the Orb.
     0 | D:1      | Reached XP level 1. HP: 19/19 MP: 0/0
     0 | D:1      | Noticed a human
     0 | D:1      | Noticed a draconian
     0 | D:1      | Noticed a minotaur
     0 | D:1      | Noticed a formicid
     0 | D:1      | Noticed a minotaur
     0 | D:1      | Noticed a kraken
     0 | D:1      | Noticed an elf
     0 | D:1      | Noticed a formicid
     0 | D:1      | Noticed a formicid
     0 | D:1      | Noticed an octopode
     0 | D:1      | Noticed a vine stalker
     6 | D:1      | Killed an octopode
     9 | D:1      | Killed a human
    10 | D:1      | Killed a minotaur
    11 | D:1      | Killed a formicid
    12 | D:1      | Killed a draconian
    12 | D:1      | Killed a formicid
    13 | D:1      | Killed a minotaur
    14 | D:1      | Killed an elf
    14 | D:1      | Killed a formicid
    15 | D:1      | Killed a vine stalker
   417 | D:1      | Reached XP level 2. HP: 25/26 MP: 1/1
   632 | D:1      | Reached skill level 3 in Axes
   934 | D:2      | Reached XP level 3. HP: 29/31 MP: 2/2
  1046 | D:2      | Found a shattered altar of Ashenzari.
  1048 | D:2      | Found a bloodstained altar of Trog.
  1479 | D:2      | Found a faded altar of an unknown god.
  1482 | D:2      | Became a worshipper of Hepliaklqana the Forgotten
  1482 | D:2      | Reached * piety under Hepliaklqana
  1570 | D:2      | Reached XP level 4. HP: 35/35 MP: 3/3
  1926 | D:3      | Reached skill level 4 in Axes
  2144 | D:3      | Reached XP level 5. HP: 38/40 MP: 4/4
  2395 | D:3      | Reached skill level 5 in Armour
  2534 | D:4      | Reached skill level 5 in Axes
  2790 | D:4      | Reached XP level 6. HP: 32/45 MP: 5/5
  2808 | D:4      | Found a burning altar of Makhleb.
  2835 | D:4      | Found Meoff's Antique Weapon Emporium.
  2845 | D:4      | Reached skill level 6 in Axes
  2928 | D:4      | Reached ** piety under Hepliaklqana
  3063 | D:4      | Found a stormy altar of Qazlal.
  3508 | D:4      | Reached skill level 7 in Axes
  3831 | D:5      | Entered Level 5 of the Dungeon
  3842 | D:5      | Found Ygapuwn's Armour Boutique.
  3939 | D:5      | Noticed Blork the orc
  3967 | D:5      | Killed Blork the orc
  3967 | D:5      | Reached skill level 5 in Shields
  3967 | D:5      | Reached XP level 7. HP: 51/51 MP: 6/6
  3970 | D:5      | Found a staircase to the Ecumenical Temple.
  4444 | D:5      | Reached skill level 8 in Axes
  4454 | D:5      | Reached skill level 1 in Dodging
  4795 | D:5      | Reached XP level 8. HP: 57/57 MP: 7/7
  4834 | D:5      | Found a bloodstained altar of Trog.
  4893 | D:5      | Reached skill level 9 in Axes
  5227 | Temple   | Entered the Ecumenical Temple
  5468 | D:6      | Noticed Eustachio
  5489 | D:6      | Killed Eustachio
  5858 | D:6      | Reached *** piety under Hepliaklqana
  5925 | D:6      | Reached skill level 10 in Axes
  6354 | D:7      | Found a glowing silver altar of Zin.
  6356 | D:7      | Found a snail-covered altar of Cheibriados.
  6356 | D:7      | Found a blossoming altar of Fedhas.
  6356 | D:7      | Found an opulent altar of Gozag.
  6361 | D:7      | Found an iron altar of Okawaru.
  6361 | D:7      | Found a sparkling altar of Nemelex Xobeh.
  6362 | D:7      | Found a sacrificial altar of Ru.
  6494 | D:7      | Found a white marble altar of Elyvilon.
  6696 | D:7      | Reached XP level 9. HP: 57/63 MP: 8/8
  6725 | D:7      | Reached skill level 1 in Stealth
  6729 | D:7      | Reached skill level 11 in Axes
  6831 | D:7      | HP: 3/63 [poisoned by a killer bee]
  6835 | D:7      | HP: 1/63 [poisoned by a killer bee]
  6837 | D:7      | Succumbed to a killer bee's poison

Skill      XL: |  1  2  3  4  5  6  7  8  9 |
---------------+----------------------------+-----
Axes           | 3 4 5 7 8 10 11 | 11.5
Armour         | 4 5 6 7 |  7.3
Shields        | 4 5 7 |  7.3
Dodging        | 1 |  1.2
Stealth        | 1 |  1.0
Fighting       | |  3.6
Unarmed Combat | |  0.7
Evocations     | |  0.3

Action                   |  1- 3 |  4- 6 |  7- 9 || total
-------------------------+-------+-------+-------++-------
Melee: War axe           |    83 |   152 |   195 ||   430
       Headbutt          |     9 |    16 |    37 ||    62
       Unarmed           |       |       |    25 ||    25
Evoke: Wand              |       |     1 |     1 ||     2
  Use: Scroll            |     2 |     2 |     4 ||     8
       Potion            |     1 |     7 |       ||     8
 Stab: Distracted        |       |     2 |     1 ||     3
  Eat: Bread ration      |     2 |       |       ||     2
       Meat ration       |       |     1 |     1 ||     2
       Pizza             |       |       |     1 ||     1
       Beef jerky        |       |       |     1 ||     1
       Chunk             |       |       |     1 ||     1
Armor: Scale mail        |    19 |       |       ||    19
       Plate armour      |    40 |    72 |    96 ||   208
       Skin              |       |     6 |       ||     6
Dodge: Dodged            |    18 |    25 |    24 ||    67
Block: Shield            |    48 |    84 |       ||   132
       Large shield      |       |    11 |   169 ||   180
